 Dungeon Crawl Stone Soup version 0.30-b1-2-g02819fbbbe (webtiles) character file.

Game seed: 798394104518273956

98081 septik the Severer (level 15, -2/137 (141) HPs)
             Began as a Minotaur Berserker on July 15, 2023.
             Was the Champion of Trog.
             Killed from afar by a tengu reaver (31 damage)
             ... with a bolt of poison
             ... on level 15 of the Dungeon.
             The game lasted 01:00:10 (21305 turns).

septik the Severer (Minotaur Berserker)            Turns: 21305, Time: 01:00:11

HP:   -2/137 (141)  AC: 23    Str: 31    XL:     15   Next: 73%
MP:   14/14         EV: 13    Int:  4    God:    Trog [******]
Gold: 1273          SH:  0    Dex: 10    Spells: 14/14 levels left

rFire   + . .        d - +5 broad axe (venom)
rCold   + . .        (no shield)
rNeg    . . .        m - +0 storm dragon scales
rPois   .            (helmet restricted)
rElec   +            u - +0 cloak "Zyecotuj" {rF+ Will+ Str+2}
rCorr   .            M - +0 pair of gloves
SInv    .            R - +3 pair of seven-league boots {Rampage+∞}
Will    +++..        g - amulet of regeneration Stlth
                     Y - ring of willpower
HPRegen 1.22/turn    W - ring of protection from cold
MPRegen 0.14/turn

%: rampage+∞
@: lethally poisoned (-2 -> -10), on berserk cooldown, slowed, lightly drained,
very slow
A: horns 2, retaliatory headbutt
a: Renounce Religion, Berserk, Trog's Hand, Brothers in Arms


You were on level 15 of the Dungeon.
You worshipped Trog.
Trog was exalted by your worship.
You visited 3 branches of the dungeon, and saw 20 of its levels.
You also visited: Ossuary and Gauntlet.

You collected 1489 gold pieces.
You spent 216 gold pieces at shops.

Inventory:

Hand Weapons
 d - a +5 broad axe of venom (weapon)
 l - the +16 obsidian axe {drain, demonic, Mesm Drain Fly SInv}
   (You took it off a minotaur in a Gauntlet)

   Mesm:      Its wielder is mesmerised by any visible foes, and it cannot be
   unequipped while any foes are visible.
   SInv:      It lets you see invisible.
   Fly:       It grants you flight.
   Drain:     It drains your maximum health when unequipped.
 P - a +3 war axe of freezing
 S - the +8 whip "Snakebite" {venom, curare, rPois}
   (You found it on level 1 of the Lair of Beasts)

   rPois:     It protects you from poison.
 V - a +6 heavy broad axe
Missiles
 x - 30 poisoned darts (quivered)
 N - 5 atropa-tipped darts
 O - 3 curare-tipped darts
Armour
 i - the +6 tower shield "Cisetziu" {Dex+4 Stlth+}
   (You took it off a minotaur in a Gauntlet)

   Dex:       It affects your dexterity (+4).
   Stlth:     It makes you more stealthy.
 m - +0 storm dragon scales (worn)
 u - the +0 cloak "Zyecotuj" (worn) {rF+ Will+ Str+2}
   (You found it in a Gauntlet)

   Str:       It affects your strength (+2).
   rF:        It protects you from fire.
   Will:      It increases your willpower.
 H - a +1 scale mail of willpower
 J - a +0 troll leather armour
 K - +0 acid dragon scales
 M - a +0 pair of gloves (worn)
 R - the +3 pair of seven-league boots (worn) {Rampage+∞}
   (You found it in a Gauntlet)

   Rampage+∞: When moving toward enemies, its wearer moves as far as possible.
 U - a +0 chain mail of fire resistance
 X - the +0 chain mail "Acram" {rElec Slay+3}
   (You found it on level 13 of the Dungeon)

   Slay:      It affects your accuracy & damage with ranged weapons and melee
   (+3).
   rElec:     It insulates you from electricity.
Jewellery
 a - a ring of willpower
 e - the ring of Sifoon {Drain rPois Will+ Int+2 Dex+6}
   (You took it off a minotaur in a Gauntlet)

   [ring of dexterity]

   Int:       It affects your intelligence (+2).
   Dex:       It affects your dexterity (+6).
   rPois:     It protects you from poison.
   Drain:     It drains your maximum health when unequipped.
   Will:      It increases your willpower.
 g - an amulet of regeneration (around neck)
 y - a ring of flight
 z - a ring of poison resistance
 T - an amulet of the acrobat
 W - a ring of protection from cold (right hand)
 Y - a ring of willpower (left hand)
Wands
 h - a wand of flame (33)
 n - a wand of acid (10)
 I - a wand of digging (3)
 L - a wand of iceblast (13)
Scrolls
 f - 5 scrolls of teleportation
 j - a scroll of summoning
 o - 3 scrolls of magic mapping
 t - 5 scrolls of blinking
 v - a scroll of fog
 w - a scroll of enchant weapon
 D - 3 scrolls of brand weapon
 G - 3 scrolls of fear
 Q - 2 scrolls of identify
 Z - 3 scrolls of enchant armour {unknown}
Potions
 b - 4 potions of ambrosia
 c - 7 potions of curing
 k - 5 potions of flight
 p - 4 potions of attraction
 q - a potion of cancellation
 r - 4 potions of mutation
 s - 4 potions of haste
 A - 4 potions of invisibility
 B - 3 potions of resistance
 C - 2 potions of magic
 E - 3 potions of might
 F - 4 potions of lignification


   Skills:
 + Level 15.4 Fighting
 - Level 15.9(16.3) Axes
 - Level 6.0(12.0) Maces & Flails
 - Level 12.8 Armour
 + Level 14.0 Dodging
 + Level 14.8 Shields
 + Level 6.7 Evocations


You had 14 spell levels left.
You didn't know any spells.
Your spell library was empty.

Dungeon Overview and Level Annotations

Branches:
Dungeon (15/15)            Temple (0/1) D:5            Lair (5/5) D:8
  Swamp (0/4) Lair:2       Spider (0/4) Lair:2        Slime (0/5) Lair:5
 Vaults (0/5) D:13         Depths (1/4) D:15        Ossuary (visited)
Gauntlet (visited)
    Orc: D:9-12

Altars:
Ashenzari
Cheibriados
Dithmenos
Fedhas
Gozag
Okawaru
Ru
Trog
Uskayaw
Vehumet
Wu Jian
Yredelemnul

Shops:
D:4 !   D:6 (![[*   D:9 [   D:10 :

Annotations:
D:7 exclusions: 2 doors and electric eel
D:13 2 transporters, exclusion: orange crystal statue, diceflayer's ghost, journeyman DsHu
D:14 1 runed translucent door
Lair:4 exclusions: 3 electric eels, 6 plants and 12 more exclusions


Innate Abilities, Weirdness & Mutations

You have a pair of horns on your head.
You reflexively headbutt those who attack you in melee.


Message History

You feel sick.
The tengu reaver points at you and mumbles some strange words.
The bolt of acid hits you!!
You feel sick.
You feel a strong urge to attack something.
You are no longer berserk.
You are exhausted.
You feel yourself slow down.
You feel sick.
You feel very sick.
There is a staircase back to the Dungeon here.
You feel sick. The tengu reaver casts a spell at you.
The bolt of poison hits you.
You are more poisoned.
* * * LOW HITPOINT WARNING * * *
The tengu reaver barely misses you. The tengu reaver pecks you.
* * * LOW HITPOINT WARNING * * *
The tengu reaver claws you.
* * * LOW HITPOINT WARNING * * *
You climb upwards.
Welcome back to the Dungeon!
You feel extremely sick.
There is a staircase to the Depths here.
Unknown command.
Unknown command.
Unknown command.
You're still recovering from your berserk rage.
You hit the tengu reaver but do no damage.
The tengu reaver looks as sick as possible!
The tengu reaver is severely wounded.
You feel very sick.
The tengu reaver hits you but does no damage.
The tengu reaver pecks you but does no damage.
The tengu reaver claws you.
* * * LOW HITPOINT WARNING * * *
Okay, then.
You feel better.
The tengu reaver points at you and mumbles some strange words.
The bolt of poison hits you!!
You are poisoned.
You die...

#.#.#............................
#.#.###....###.......#######.....
#.#.#########........#######.....
#.#.......##...............#.....
#.#..........#.######.####.######
#<#............######.#.<#.#
.##..........#.....##.##.#.#
.......)).###.####.##.##.#.#
.##.....##...#..@#.##....#.#
........####....Q#.#######.#
.^......# #.#...#.....# #.#
........# #..#.#.#.#..# #.#
....##### #.....#...#.# #.######
....# #####.#.....###.#.....
....# #.#⌠..#...#...#### ....#
#.####.####..##### ....#
#.....#...#.......


You could see a tengu reaver (extremely poisoned).

Vanquished Creatures
  A lich (D:14)
  A storm dragon (D:14)
  The ghost of Laowois the Severer, a journeyman MiBe of Trog (D:14)
  A minotaur (Gauntlet)
  A green death (Gauntlet)
  An ettin (D:15)
  Fannar (Lair:3)
  5 hydras
  3 vault guards (D:13)
  The ghost of Asabot the Thaumaturge, a journeyman FoEE of Vehumet (Lair:1)
  A death knight (D:13)
  5 centaur warriors
  2 catoblepae (Lair:5)
  An anaconda (Lair:5)
  2 boulder beetles
  Erica (D:8)
  10 two-headed ogres
  6 tengu warriors
  A deep troll earth mage (D:14)
  6 death yaks
  An orc high priest (D:13)
  Urug (Lair:3)
  A fire crab (shapeshifter) (D:13)
  Sonja (D:12)
  A skyshark (Lair:3)
  A skeletal warrior (D:14)
  A deep troll (D:15)
  3 wizards
  Pikel (D:5)
  An orange crystal statue (D:13)
  A harpy (shapeshifter) (D:13)
  An orc knight (D:15)
  A necromancer (D:14)
  4 deep elf pyromancers (D:13)
  8 cyclopes
  14 ugly things
  An oklob plant (Lair:2)
  An orc sorcerer (D:15)
  A moth of wrath (Gauntlet)
  2 manticores
  Maurice (D:13)
  8 black mambas
  4 elephants (Lair:5)
  A torpor snail (Lair:5)
  2 orange demons (Gauntlet)
  Maggie (D:7)
  10 cane toads
  4 komodo dragons
  4 kobold demonologists (D:13)
  2 rime drakes
  A komodo dragon (shapeshifter) (D:14)
  2 tengu conjurers (D:15)
  An unseen horror (D:7)
  An efreet (D:13)
  8 trolls
  6 polar bears
  2 wolf spider simulacra (D:14)
  9 hornets
  3 raiju (D:13)
  6 blink frogs (Lair:5)
  6 dream sheep (Lair:5)
  A culicivora (Lair:2)
  A jumping spider (Lair:2)
  10 slime creatures
  2 vampires (D:14)
  A shadow (D:9)
  13 spriggans (Lair:5)
  2 wraiths
  Eustachio (D:4)
  36 yaks
  4 wyverns
  4 basilisks
  4 redbacks (Gauntlet)
  2 steam dragons
  8 vampire mosquitoes
  10 wargs
  3 swamp worms (Lair:5)
  2 acid dragons
  14 water moccasins
  A hell hound (D:13)
  Duvessa (D:7)
  6 black bears
  2 ice beasts
  11 orc warriors
  2 sky beasts
  The ghost of jombi the Grasshopper, an amateur GnWr (D:3)
  6 boggarts
  3 ogres
  27 wolves
  3 lemures (D:5)
  An ogre (shapeshifter) (D:14)
  12 centaurs
  4 phantoms
  2 kobold brigands
  7 bullfrogs
  9 gnoll sergeants
  3 scorpions
  12 wights (D:8)
  Dowan (D:7)
  12 killer bees (D:9)
  6 howler monkeys
  A bullfrog zombie (D:5)
  8 orc priests
  A hound (D:6)
  5 jellies
  5 sleepcaps
  3 iguanas
  9 orc wizards
  A killer bee zombie (D:5)
  3 mummies (Ossuary)
  6 gnolls
  10 adders
  A shadow imp (D:7)
  2 white imps
  An ufetubus (D:7)
  3 adder zombies (Ossuary)
  A worm (D:5)
  A dart slug (D:4)
  32 orcs
  7 ball pythons
  6 bats
  9 endoplasms
  A giant cockroach (D:3)
  10 goblins
  6 hobgoblins
  4 quokkas
  10 frilled lizards
  2 goblin zombies (Ossuary)
  2 hobgoblin zombies (Ossuary)
  21 kobolds
  8 kobold zombies (Ossuary)
  3 quokka zombies (Ossuary)
  3 rats
614 creatures vanquished.

Vanquished Creatures (collateral kills)
  A cyclops (D:14)
1 creature vanquished.

Vanquished Creatures (others)
  A kobold demonologist (D:13)
  14 demonic plants (Gauntlet)
  25 fungi
  27 plants
67 creatures vanquished.

Grand Total: 682 creatures vanquished

Notes
Turn   | Place    | Note
-------+----------+-------------------------------------------
     0 | D:1      | septik the Minotaur Berserker began the quest for the Orb.
     0 | D:1      | Reached XP level 1. HP: 19/19 MP: 0/0
    94 | D:1      | Reached XP level 2. HP: 14/27 MP: 1/1
   874 | D:2      | Reached XP level 3. HP: 33/33 MP: 2/2
   902 | D:2      | Reached ** piety under Trog
   982 | D:2      | Found a snail-covered altar of Cheibriados.
  1309 | D:3      | Found a runed translucent door.
  1311 | D:3      | Noticed jombi's ghost (amateur GnWr)
  1350 | D:3      | Found a bloodstained altar of Trog.
  1548 | D:3      | Found a radiant altar of Vehumet.
  1778 | D:3      | Found a blossoming altar of Fedhas.
  1861 | D:3      | Found a hide-covered altar of Uskayaw.
  1913 | D:3      | Killed jombi's ghost
  1914 | D:3      | Reached skill level 1 in Shields
  1914 | D:3      | Reached XP level 4. HP: 41/41 MP: 3/3
  1914 | D:3      | Reached XP level 5. HP: 47/47 MP: 4/4
  1921 | D:3      | Identified the staff of cold "Qeshryga" {+Blink rC+ Dex+4}
  2024 | D:4      | Reached skill level 5 in Axes
  2067 | D:4      | Found an iron altar of Okawaru.
  2098 | D:4      | Found Xunkunaf's Distillery.
  2101 | D:4      | Bought a potion of heal wounds for 55 gold pieces
  2122 | D:4      | Noticed Eustachio
  2134 | D:4      | Killed Eustachio
  2135 | D:4      | Reached XP level 6. HP: 55/55 MP: 5/5
  2136 | D:4      | Reached skill level 5 in Fighting
  2628 | D:5      | Entered Level 5 of the Dungeon
  2628 | D:5      | Noticed a water moccasin
  2641 | D:5      | Killed a water moccasin
  2642 | D:5      | Reached XP level 7. HP: 60/61 MP: 6/6
  2655 | D:5      | Found a sand-covered staircase.
  2665 | D:5      | Found an ornate altar of the Wu Jian Council.
  2672 | Ossuary  | Entered an ossuary
  2757 | Ossuary  | Reached *** piety under Trog
  2979 | D:5      | Noticed Pikel
  2992 | D:5      | Killed Pikel
  2993 | D:5      | Reached skill level 5 in Armour
  2993 | D:5      | Reached XP level 8. HP: 56/70 MP: 7/7
  3242 | D:5      | Reached skill level 5 in Dodging
  3293 | D:5      | Found a basalt altar of Yredelemnul.
  3346 | D:5      | Found a staircase to the Ecumenical Temple.
  3684 | D:5      | Reached skill level 5 in Shields
  3742 | D:6      | Found a sacrificial altar of Ru.
  3825 | D:6      | Reached XP level 9. HP: 77/78 MP: 8/8
  3832 | D:6      | Found a broken altar of Ashenzari.
  3854 | D:6      | Found a transporter.
  3857 | D:6      | Found Geridd's Antique Armour Shop.
  3861 | D:6      | Found a transporter.
  3868 | D:6      | Bought a runed scale mail for 161 gold pieces
  4092 | D:6      | Found Fehoxkawi's Assorted Antiques.
  4295 | D:6      | Found Tutil's Distillery.
  4354 | D:6      | Found Veta's Armour Boutique.
  4441 | D:6      | Found Emehicis's Antique Weapon Shoppe.
  4866 | D:7      | Killed an unseen horror
  5086 | D:7      | Noticed Duvessa
  5086 | D:7      | Noticed Dowan
  5091 | D:7      | Killed Dowan
  5092 | D:7      | Reached skill level 10 in Axes
  5093 | D:7      | Killed Duvessa
  5284 | D:7      | Noticed Maggie
  5292 | D:7      | Killed Maggie
  5502 | D:7      | Reached **** piety under Trog
  6079 | D:8      | Found a staircase to the Lair.
  6104 | D:7      | HP: 2/81 [orc warrior/+0 war axe (14)]
  6109 | D:7      | Reached XP level 10. HP: 25/88 MP: 9/9
  6648 | D:8      | Found an opulent altar of Gozag.
  6756 | D:8      | Noticed a two-headed ogre
  6765 | D:8      | Killed a two-headed ogre
  6824 | D:8      | Noticed Erica
  6839 | D:8      | Killed Erica
  7111 | D:9      | Noticed a two-headed ogre
  7118 | D:9      | Killed a two-headed ogre
  7337 | D:9      | Reached XP level 11. HP: 80/97 MP: 10/10
  7503 | D:9      | Paralysed by a hornet for 3 turns
  7727 | D:9      | Reached ***** piety under Trog
  8065 | D:9      | Found Guoxte's Superior Scales.
  8444 | D:10     | Entered Level 10 of the Dungeon
  8444 | D:10     | Found Ynid's Book Boutique.
  8927 | Lair:1   | Entered Level 1 of the Lair of Beasts
  8957 | Lair:1   | Reached skill level 10 in Fighting
  9147 | Lair:1   | Found a runed translucent door.
  9147 | Lair:1   | Noticed Asabot's ghost (journeyman FoEE)
  9275 | Lair:1   | Identified the +9 rapier of Nemelex Xobeh's Hatred {flame,
                  | *Rage Str+2 Int+3 Stlth+}
  9430 | Lair:1   | Identified the +0 chain mail of the Disturbing Realms
                  | {rN+++}
  9655 | Lair:1   | Reached skill level 10 in Armour
  9752 | Lair:1   | Killed Asabot's ghost
  9882 | Lair:1   | Reached XP level 12. HP: 75/107 MP: 11/11
 10589 | Lair:1   | Found the +8 whip "Snakebite" {venom, curare, rPois}
 11141 | Lair:2   | Noticed a death yak
 11142 | Lair:2   | Noticed a death yak
 11142 | Lair:2   | Noticed a death yak
 11143 | Lair:2   | Noticed a death yak
 11143 | Lair:2   | Noticed a death yak
 11146 | Lair:2   | Noticed a death yak
 11151 | Lair:2   | Killed a death yak
 11160 | Lair:2   | Killed a death yak
 11167 | Lair:3   | HP: 3/108 [death yak (9)]
 11458 | Lair:3   | Reached skill level 10 in Shields
 11540 | Lair:3   | Noticed Fannar
 11558 | Lair:3   | Killed Fannar
 11698 | Lair:3   | Identified the +3 scale mail of Inaction {rN+++ Int+4
                  | Dex-5}
 11913 | Lair:3   | Killed a death yak
 11914 | Lair:3   | Reached skill level 15 in Axes
 11918 | Lair:3   | Killed a death yak
 12175 | Lair:3   | Noticed Urug
 12189 | Lair:3   | Killed Urug
 12190 | Lair:3   | Reached skill level 10 in Dodging
 12368 | Lair:2   | Killed a death yak
 12373 | Lair:2   | Killed a death yak
 12437 | Lair:2   | Found a staircase to the Swamp.
 12459 | Lair:2   | Found a hole to the Spider Nest.
 13391 | Lair:4   | Noticed a four-headed hydra
 13400 | Lair:4   | Killed a four-headed hydra
 13401 | Lair:4   | Reached XP level 13. HP: 116/116 MP: 12/12
 13505 | Lair:4   | Identified the +4 ring mail of True Grit {+Blink rC- Dex+3}
 14537 | Lair:5   | Entered Level 5 of the Lair of Beasts
 14641 | Lair:5   | Reached skill level 1 in Maces & Flails
 14801 | Lair:5   | Found a staircase to the Slime Pits.
 15292 | Lair:5   | Reached skill level 5 in Maces & Flails
 15399 | Lair:5   | Received a gift from Trog
 15661 | Lair:5   | Reached ****** piety under Trog
 15725 | Lair:5   | Reached XP level 14. HP: 86/127 MP: 13/13
 16313 | D:10     | You fall into a shaft and drop 2 floors!
 16631 | D:12     | Noticed Sonja
 16658 | D:12     | Killed Sonja
 16659 | D:12     | Reached skill level 1 in Evocations
 17273 | D:13     | Identified the +0 chain mail "Acram" {rElec Slay+3}
 17450 | D:13     | Noticed Maurice
 17452 | D:13     | Paralysed by Maurice for 5 turns
 17465 | D:13     | Killed Maurice
 17674 | D:13     | Found a gate to the Vaults.
 17715 | D:13     | Received a gift from Trog
 17884 | D:13     | Noticed a tengu reaver
 18035 | D:13     | Found a transporter.
 18040 | D:13     | Found a transporter.
 18045 | D:13     | Noticed diceflayer's ghost (journeyman DsHu)
 18717 | D:13     | Reached XP level 15. HP: 139/139 MP: 14/14
 19189 | D:14     | Found a gate leading to a gauntlet.
 19216 | D:14     | Reached skill level 5 in Evocations
 19259 | Gauntlet | Entered a Gauntlet
 19259 | Gauntlet | Found a transporter.
 19259 | Gauntlet | Found a transporter.
 19260 | Gauntlet | Found a transporter.
 19262 | Gauntlet | Found a transporter.
 19273 | Gauntlet | Found the +3 pair of seven-league boots {Rampage+∞}
 19278 | Gauntlet | Found a transporter.
 19279 | Gauntlet | Found a transporter.
 19297 | Gauntlet | Found a transporter.
 19339 | Gauntlet | Found a transporter.
 19349 | Gauntlet | Found a transporter.
 19364 | Gauntlet | Found a transporter.
 19374 | Gauntlet | Found a transporter.
 19389 | Gauntlet | Found a transporter.
 19623 | Gauntlet | Identified the +6 tower shield "Cisetziu" {Dex+4 Stlth+}
 19623 | Gauntlet | Identified the ring of Sifoon {Drain rPois Will+ Int+2
                  | Dex+6}
 19682 | Gauntlet | Identified the +0 cloak "Zyecotuj" {rF+ Will+ Str+2}
 19682 | Gauntlet | Identified the +7 trident of Exchange {spect, Int+3 SInv}
 19764 | D:14     | Received a gift from Trog
 20106 | D:14     | Found a runed translucent door.
 20109 | D:14     | Noticed Laowois's ghost (journeyman MiBe)
 20109 | D:14     | Noticed a lich
 20109 | D:14     | Found a runed translucent door.
 20211 | D:14     | Found a broken altar of Ashenzari.
 20409 | D:14     | Noticed a storm dragon
 20441 | D:14     | Killed a storm dragon
 20449 | D:14     | Killed Laowois's ghost
 20460 | D:14     | Reached skill level 15 in Fighting
 20480 | D:14     | Killed a lich
 20643 | D:15     | Entered Level 15 of the Dungeon
 20754 | D:15     | Found a shadowy altar of Dithmenos.
 20778 | D:15     | Identified the +1 spear "Vepef" {venom, rPois rF+++ Will-
                  | Dex+3}
 20793 | D:15     | Found a staircase to the Depths.
 21280 | Depths:1 | Entered Level 1 of the Depths
 21280 | Depths:1 | Noticed a tengu reaver
 21305 | D:15     | Killed from afar by a tengu reaver

Illustrated notes

Levels and vault maps discovered:
D:1:      heliophobic_arrival_battle_scene, layout_basic,
          roderic_serpentine_path, minmay_tromino_v7
D:2:      layout_basic, basic_altar
D:3:      layout_rooms, nicolae_vehumet_radiance, nicolae_uskayaw_suspiria,
          mainiacjoe_overflow_alcove_2, fedhas_altar_fruit_tree,
          ebering_ghost_inner_flame
D:4:      minmay_wonky_spiral, layout_rooms, mainiacjoe_overflow_alcove_1,
          serial_shops, nicolae_shop_window_shopping,
          chequers_serial_rivers_micro_e, uniq_eustachio
D:5:      layout_gridville, lemuel_zombie_altar_yredelemnul,
          mainiacjoe_overflow_cross_hatched,
          minmay_temple_entry_statues_pillars,
          lightli_ossuary_entry_decrepit_ruins, uniq_pikel
D:6:      layout_loops_corners, nicolae_overflow_hidden_temple,
          nicolae_ru_awakened_eye, serial_shops, nicolae_shop_peninsula, shop,
          shop, nicolae_shop_drivethru, nicolae_square_shop
D:7:      layout_loops_corners, kennysheep_dice, uniq_maggie, uniq_duvessa
D:8:      layout_basic, overflow_temple_1_default, erik_lair_orcish_takeover,
          grunt_ministairs_15, uniq_erica
D:9:      layout_basic, hellmonk_scale_shop
D:10:     layout_gridville, nicolae_stop_n_shop_2
D:12:     layout_rooms, minmay_stone_trees_medium, uniq_sonja
D:13:     lemuel_castle_with_subvaults [lemuel_castle_interior_carwin_3],
          layout_stronghold, lightli_vaults_fourway_checkpoint,
          gammafunk_ghost_arena, minmay_more_statues, uniq_maurice
D:14:     layout_irregular_city, ashenzari_conservatory_becter,
          muffindrake_ghost_dual_entry, gauntlet_entry_generic
D:15:     hangedman_depths_entry_civil_slaughter, layout_basic,
          grunt_dithmenos_smoke_and_mirrors
Lair:1:   minmay_guarded_unrand_snakebite, layout_layer_cave,
          hellmonk_ghost_happy_afterlife, beast_lair_carwin_9
Lair:2:   layout_cave_pods, swamp_mist, spider_nest_entry_funnel_web
Lair:3:   layout_roguey, uniq_urug, uniq_fannar
Lair:4:   layout_gridlike, minmay_holes, fungi_pond_lemuel,
          serial_bayou_shore_a, serial_bayou_shore_b
Lair:5:   minmay_lair_end_enchanted_forest, layout_loops_ring,
          nicolae_slime_entry_field_trip, worms_lemuel
Depths:1: layout_roguey, hellmouth_1, nzn_wu_jian_contemplation,
          pandoras_box_mu, roderic_lattice_octagonal_star

Skill      XL: |  1  2  3  4  5  6  7  8  9 10 11 12 13 14 15 |
---------------+----------------------------------------------+-----
Fighting       | 4 5 6 8 9 10 11 12 14 15 | 15.4
Axes           | 4 5 6 7 8 10 12 14 15 | 15.9
Armour         | 3 4 5 6 7 8 10 11 12 | 12.8
Dodging        | 3 4 5 6 8 9 10 11 12 14 | 14.0
Shields        | 1 2 3 4 5 6 8 9 10 11 13 14 | 14.8
Maces & Flails | 6 |  6.0
Evocations     | 4 6 |  6.7

Action                     |  1- 3 |  4- 6 |  7- 9 | 10-12 | 13-15 || total
---------------------------+-------+-------+-------+-------+-------++-------
  Melee: Hand axe          |    43 |       |       |       |       ||    43
         Headbutt          |    13 |     6 |    47 |   136 |   322 ||   524
         War axe           |    64 |    53 |   259 |   443 |       ||   819
         Whip              |       |       |       |   164 |  1033 ||  1197
         Broad axe         |       |       |       |       |   181 ||   181
         Punch             |       |       |       |       |     6 ||     6
  Throw: Javelin           |       |       |       |     4 |       ||     4
 Invoke: Berserk           |     1 |     1 |     5 |    11 |     9 ||    27
         Trog's Hand       |       |       |       |     1 |       ||     1
    Use: Scroll            |       |     1 |     4 |     2 |    22 ||    29
         Potion            |       |       |     1 |     3 |     1 ||     5
   Stab: Petrified         |       |       |       |       |     9 ||     9
         Petrifying        |       |       |       |       |     2 ||     2
 Armour: Animal skin       |     9 |       |       |       |       ||     9
         Scale mail        |    27 |    25 |   122 |   211 |    53 ||   438
         Chain mail        |       |       |       |       |   200 ||   200
         Troll leather arm |       |       |       |       |    32 ||    32
         Storm dragon scal |       |       |       |       |   108 ||   108
  Dodge: Dodged            |    64 |    24 |   107 |   209 |   419 ||   823
  Block: Kite shield       |    11 |    28 |   142 |   326 |   507 ||  1014
